AoeStats
← esteban.whipple

Arabia

510439008Analyzed
1v1 RM · 2d ago on Oct 1, 2026· 69m 15s· 2 players
Game mode
Random Map
Map size
Tiny (2 player)
Population
200
Speed
Normal
Resources
Standard
Victory
Conquest
Starting age
Dark Age
Ending age
Imperial Age
RankedLock teamsTeams togetherTeam positionsShared explorationLock speedFull tech treeHidden civsTurbo modeCheats
Victory
Defeat
🇨🇱 Vietnamese · Chile
627
+14
🇪🇸 Lithuanians · Spain
582
-14
manitasc3rdo
0:29 Loom
15:25 Feudal Age
16:50 Double-Bit Axe
16:48 Horse Collar
18:32 Fletching
28:32 Castle Age
27:20 Scale Barding Armor
27:16 Padded Archer Armor
27:27 Forging
29:03 Bloodlines
29:31 Husbandry
31:49 Iron Casting
31:32 Gold Mining
31:36 Stone Mining
32:30 Wheelbarrow
31:58 Heavy Plow
32:14 Bow Saw
37:02 Hand Cart
37:27 Stone Shaft Mining
40:12 Thumb Ring
40:32 Chain Barding Armor
40:08 Bodkin Arrow
41:28 Ballistics
41:04 Murder Holes
44:52 Imperial Age
44:42 Town Watch
44:43 Light Cavalry
46:43 Chemistry
46:21 Plate Barding Armor
45:47 Bracer
46:03 Leather Archer Armor
45:49 Scale Mail Armor
45:18 Elite Skirmisher
50:13 Tower Shields
50:41 Winged Hussar
52:12 Ring Archer Armor
65:37 Capped Ram
esteban.whipple
3:20 Loom
12:39 Feudal Age
14:14 Wheelbarrow
13:28 Double-Bit Axe
13:25 Horse Collar
15:57 Town Watch
19:56 Fletching
20:08 Padded Archer Armor
20:21 Forging
22:02 Scale Barding Armor
21:55 Gold Mining
28:16 Castle Age
26:17 Man-at-Arms
26:44 Arson
29:15 Elite Skirmisher
30:23 Hand Cart
30:26 Bow Saw
30:21 Heavy Plow
30:16 Stone Mining
29:53 Long Swordsman
30:01 Crossbowman
30:47 Thumb Ring
32:56 Stone Shaft Mining
33:34 Leather Archer Armor
33:52 Pikeman
34:34 Squires
38:23 Bodkin Arrow
38:30 Scale Mail Armor
41:36 Iron Casting
41:27 Ballistics
42:19 Chain Mail Armor
47:44 Imperial Age
47:16 Masonry
46:46 Treadmill Crane
49:13 Ring Archer Armor
48:44 Bracer
48:14 Imperial Skirmisher
48:28 Two-Handed Swordsman
48:30 Halberdier
50:51 Two-Man Saw
50:24 Crop Rotation
50:49 Paper Money
51:06 Hoardings
51:32 Arbalester
52:59 Elite Fire Lancer
58:26 Chemistry
57:34 Siege Engineers
60:42 Town Patrol
64:47 Plate Mail Armor
64:18 Murder Holes
Connection lost

Rejoining the realm…

Still unreachable

The connection could not be restored.

Session expired

The server has moved on; the page needs a fresh start.